 Dungeon Crawl Stone Soup version 0.30-a0-845-g7c6808c8ce (webtiles) character file.

Game seed: 1836951719652346061

82 Demosthentine the Poker (level 4, 0/34 HPs)
             Began as a Demonspawn Gladiator on Mar 3, 2023.
             Slain by an orc wizard
             ... wielding a +0 dagger
              (2 damage)
             ... on level 3 of the Dungeon.
             The game lasted 00:01:54 (1557 turns).

Demosthentine the Poker (Demonspawn Gladiator)      Turns: 1557, Time: 00:01:55

Health: 0/34       AC:  4    Str: 14    XL:     4   Next: 21%
Magic:  4/4        EV: 13    Int:  9    God:
Gold:   38         SH:  0    Dex: 17    Spells: 3/3 levels left

rFire   . . .      SeeInvis .    a - +1 trident
rCold   . . .      Faith    .    (no shield)
rNeg    . . .      Spirit   .    b - +0 leather armour
rPois   .          Reflect  .    c - +0 helmet
rElec   .          Rampage  .    (no cloak)
rCorr   .                        (no gloves)
Will    .....                    (no boots)
Stlth   +                        (no amulet)
HPRegen 0.25/turn                g - +4 ring of slaying
MPRegen 0.09/turn                (no ring)

@: no status effects
A: icemail 1, condensation shield
a: no special abilities


You were on level 3 of the Dungeon.
You visited 1 branch of the dungeon, and saw 3 of its levels.

You collected 74 gold pieces.
You spent 36 gold pieces at shops.

Inventory:

Hand Weapons
 a - a +1 trident (weapon)
Missiles
 d - 3 throwing nets (quivered)
 e - 7 javelins
Armour
 b - a +0 leather armour (worn)
 c - a +0 helmet (worn)
Jewellery
 g - a +4 ring of slaying (left hand)


   Skills:
 + Level 2.7 Fighting
 + Level 3.3 Polearms
 - Level 1.7 Throwing
 + Level 1.5 Armour
 + Level 3.3 Dodging


You had 3 spell levels left.
You didn't know any spells.
Your spell library contained the following spells:

 Spells                   Type           Power      Damage    Failure   Level
 Blink                    Tloc           0%         N/A       58%         2
 Lesser Beckoning         Tloc           0%         N/A       58%         2
 Momentum Strike          Conj/Tloc      0%         3d8       58%         2
 Call Canine Familiar     Summ           0%         N/A       83%         3
 Portal Projectile        Hex/Tloc       0%         N/A       83%         3
 Cause Fear               Hex            0%         N/A       99%         4
 Leda's Liquefaction      Hex/Erth       0%         N/A       99%         4
 Dragon Form              Tmut           0%         N/A       100%        7
 Dragon's Call            Summ           0%         N/A       100%        9


Dungeon Overview and Level Annotations

Branches:
Dungeon (3/15)

Altars:

Shops:
D:2 ?![(


Innate Abilities, Weirdness & Mutations

A meltable icy envelope protects you from harm. (AC +0)
A meltable shield of frost defends you. (SH +0)


Message History

You miss something. Something hits you but does no damage.
You miss something. Something hits you but does no damage.
You miss something. Something barely misses you.
You hit something.
You hear some strange, mumbled words.
Something hits you but does no damage. x2
You miss something. Something hits you but does no damage.
You puncture something! Something hits you.
You hit something.
Reactivating autopickup.
You feel a bit more experienced.
You have reached level 4!
You feel agile.
Deactivating autopickup; reactivate with Ctrl-A.
You closely miss something.
You hear some strange, mumbled words.
A puff of flame appears from out of thin air!
The puff of flame hits you!
You closely miss something. Something hits you.
The orc priest miscasts a cantrip.
You miss something.
You hear some strange, mumbled words.
A puff of flame appears from out of thin air!
The puff of flame hits you.
You closely miss something. Something hits you but does no damage.
The orc priest calls down the wrath of Beogh upon you.
Beogh smites you!
* * * LOW HITPOINT WARNING * * *
The orc priest looks satisfied for a moment.
Something hits you.
* * * LOW HITPOINT WARNING * * *
You hit something.
You hear some strange, mumbled words.
A magic dart appears from out of thin air!
The magic dart hits you.
* * * LOW HITPOINT WARNING * * *
You completely miss something. Something hits you.
* * * LOW HITPOINT WARNING * * *
You barely miss something. Something hits you.
You die...

#.......# ..
.........##
[#
##.........#
..
#...#####.##
.# ..###
#..###.###.#
##
##.........#
###..######
#.## #@# #{#
#o# .o.
.....
.......
#........
#........#
##########


You could see an orc priest and an orc.

Vanquished Creatures
  An orc wizard (D:3)
  2 worms (D:3)
  A dart slug (D:1)
  An orc (D:3)
  A bat (D:2)
  An endoplasm (D:2)
  2 giant cockroaches
  5 goblins
  7 hobgoblins
  5 jackals
  6 kobolds
  2 quokkas
  A ball python (D:1)
  4 frilled lizards
  9 rats
48 creatures vanquished.

Notes
Turn   | Place    | Note
-------+----------+-------------------------------------------
     0 | D:1      | Demosthentine the Demonspawn Gladiator began the quest for
                  | the Orb.
     0 | D:1      | Reached XP level 1. HP: 16/16 MP: 1/1
    54 | D:1      | Gained mutation: A meltable shield of frost defends you.
                  | (SH +0) [demonic ancestry]
    54 | D:1      | Reached XP level 2. HP: 22/22 MP: 2/2
   369 | D:1      | Reached skill level 1 in Armour
   812 | D:2      | Found Gotut's Distillery.
   812 | D:2      | Found Zafrugi's Armour Shop.
   816 | D:2      | Bought a potion of curing for 36 gold pieces
   842 | D:2      | Found Tejehich's Antique Weapon Shoppe.
   917 | D:2      | Found Noxeluyr's Magic Scroll Boutique.
   932 | D:2      | Gained mutation: A meltable icy envelope protects you from
                  | harm. (AC +0) [demonic ancestry]
   932 | D:2      | Reached XP level 3. HP: 21/28 MP: 3/3
  1551 | D:3      | Reached XP level 4. HP: 31/34 MP: 4/4
  1557 | D:3      | Slain by an orc wizard

Illustrated notes

Levels and vault maps discovered:
D:1:      dpeg_arrival_round_a, layout_loops_ring,
          chequers_serial_rivers_micro_a
D:2:      layout_basic, serial_shops, nicolae_shop_crystal, shop, shop, shop
D:3:      layout_rooms, patterned_corridor, uniq_jessica

Skill      XL: |  1  2 |
---------------+-------+-----
Polearms       | 3 |  3.3
Dodging        | 3 |  3.3
Armour         | 1 |  1.5
Fighting       | |  2.7
Throwing       | |  1.7

Action                     |  1- 3 |  4- 6 || total
---------------------------+-------+-------++-------
  Melee: Trident           |   153 |     7 ||   160
    Use: Scroll            |     8 |       ||     8
         Potion            |     2 |       ||     2
   Stab: Sleeping          |     2 |       ||     2
         Distracted        |     1 |       ||     1
 Armour: Leather armour    |    42 |     1 ||    43
  Dodge: Dodged            |    69 |       ||    69
  Block: Other             |    17 |       ||    17

Table legend: (Time is in decaauts)
 A = Elapsed time spent in this place.
 B = Non-inter-level travel time spent in this place.
 C = Inter-level travel time spent in this place.
 D = Time resting spent in this place.
 E = Time spent auto-exploring this place.
 F = Levels seen in this place.
 G = Mean time per level.
                   A        B        C        D        E       F      G
               +--------+--------+--------+--------+--------+-----+--------+
         Total |   1581 |   1558 |     23 |      0 |   1205 |   3 |  527.0 |
       Dungeon |   1581 |   1558 |     23 |      0 |   1205 |   3 |  527.0 |
               +--------+--------+--------+--------+--------+-----+--------+

Top non-repeatable levels by time:
     D:1: 818 daAuts
     D:2: 616 daAuts
     D:3: 146 daAuts
